 Dungeon Crawl Stone Soup version 0.30-a0-123-g91d0c66 (webtiles) character file.

Game seed: 8202306210841535498

107 Nithhogg the Chopper (level 4, 0/40 HPs)
             Began as a Hill Orc Fighter on Sept 17, 2022.
             Succumbed to an adder's poison
             ... in a sewer.
             The game lasted 00:04:36 (2042 turns).

Nithhogg the Chopper (Hill Orc Fighter)             Turns: 2042, Time: 00:04:37

Health: 0/40       AC:  7    Str: 20    XL:     4   Next: 86%
Magic:  4/4        EV: 10    Int:  8    God:
Gold:   69         SH:  0    Dex: 10    Spells: 3/3 levels left

rFire   . . .      SeeInvis .    a - +0 war axe
rCold   . . .      Faith    .    (no shield)
rNeg    . . .      Spirit   .    b - +0 scale mail
rPois   .          Reflect  .    (no helmet)
rElec   .          Harm     .    (no cloak)
rCorr   .          Rampage  .    (no gloves)
Will    .....                    (no boots)
Stlth   ..........               (no amulet)
HPRegen 0.13/turn                (no ring)
MPRegen 0.09/turn                (no ring)

@: lethally poisoned (0 -> -2), very slow
A: no striking features
a: no special abilities


You were in a sewer.
You visited 1 branch of the dungeon, and saw 3 of its levels.
You also visited: Sewer.

You collected 69 gold pieces.

Inventory:

Hand Weapons
 a - a +0 war axe (weapon)
Armour
 b - a +0 scale mail (worn)
 c - a +0 buckler
 r - a +1 leather armour of cold resistance
Jewellery
 k - a ring of willpower
Scrolls
 e - 2 scrolls of fog {unknown}
 f - 2 scrolls of noise {unknown}
 g - 4 scrolls of identify {unknown}
 j - a scroll of teleportation {unknown}
 l - a scroll of immolation {unknown}
 m - 2 scrolls of enchant armour {unknown}
 n - a scroll of magic mapping {unknown}
 q - a scroll of enchant weapon {unknown}
Potions
 d - a potion of might
 h - 3 potions of haste {unknown}
 i - 2 potions of brilliance {unknown}
 o - a potion of flight {unknown}
 p - 2 potions of heal wounds {unknown}


   Skills:
 + Level 4.3 Fighting
 * Level 4.6 Axes
 + Level 3.9 Armour
 + Level 1.3 Dodging
 - Level 3.2 Shields


You had 3 spell levels left.
You didn't know any spells.
Your spell library contained the following spells:

 Spells                   Type           Power      Damage    Failure   Level
 Sublimation of Blood     Necr           0%         N/A       88%         2
 Wereblood                Tmut           0%         N/A       88%         2
 Tukima's Dance           Hex            0%         N/A       98%         3
 Passage of Golubria      Tloc           0%         N/A       100%        4
 Yara's Violent Unravell  Hex/Tmut       0%         3d3       100%        5
 Summon Hydra             Summ           0%         N/A       100%        7


Dungeon Overview and Level Annotations

Branches:
Dungeon (3/15)              Sewer (1/1)

Altars:


Message History

The adder is heavily wounded.
The adder bites you. The adder bites you but does no damage.
You barely miss the adder.
The adder is heavily wounded.
The adder bites you.
* * * LOW HITPOINT WARNING * * *
You are poisoned.
The adder poisons you!
The giant cockroach waves its antennae.
You closely miss the adder.
The adder is heavily wounded.
You feel sick. The adder bites you but does no damage.
The adder closely misses you.
You hit the adder.
The adder is severely wounded.
You feel sick. The adder bites you but does no damage.
The adder completely misses you.
You barely miss the adder.
The adder is severely wounded.
You feel sick.
You are no longer poisoned.
The adder bites you but does no damage.
Your unstable footing causes you to fumble your attack.
The adder bites you but does no damage. The adder bites you.
* * * LOW HITPOINT WARNING * * *
You are poisoned.
The adder poisons you!
Your unstable footing causes you to fumble your attack.
* * * LOW HITPOINT WARNING * * *
You feel sick. The adder barely misses you. x2
Your unstable footing causes you to fumble your attack.
You feel sick. The adder bites you but does no damage.
You completely miss the adder.
The adder is severely wounded.
You feel sick. The adder bites you.
* * * LOW HITPOINT WARNING * * *
The adder bites you.
* * * LOW HITPOINT WARNING * * *
Your unstable footing causes you to fumble your attack.
You die...

########.~..~~~.~~
#.∩.∩...†~.†~~~~~≈
########.~~~~~~~~≈ ########~~≈
############################~~≈
##........................÷~.~~≈
#..~~~~~~~~~~~~~~~~~~~~~~~÷~~~~≈
#.~~≈≈≈≈≈≈≈≈≈≈≈≈≈≈≈≈≈≈≈≈≈≈≈≈≈≈≈≈
#.~≈≈~~~~≈≈≈~~≈@~~~~~~~~~~~~~~~≈
#.~≈~~..~~~~≈≈~S~~.........~~~~≈
#.~≈~.~≈≈≈≈≈~~≈≈≈≈≈≈≈~#######~~≈
#.~≈~.~≈≈≈≈≈≈≈≈≈≈≈≈≈~≈≈≈# #~~≈
#~~≈~~~≈≈≈≈~~~B≈≈≈≈≈≈~≈≈# #.~≈
#.~≈~~~≈≈≈~..~~B~≈≈≈≈≈≈≈≈# #.~≈
#~~≈~~≈≈≈~≈≈..~.=.≈≈≈≈≈≈≈# #~~≈
#~~≈~~~≈~≈≈~.~~$)).≈≈≈≈≈≈# #~~≈
#~~≈B≈≈~≈≈~.~.~?!.~~≈≈≈≈≈# #~~≈


You could see an adder and 2 giant cockroaches.

Vanquished Creatures
  3 adders
  A dart slug (D:1)
  8 endoplasms
  8 giant cockroaches
  2 hobgoblins (D:1)
  4 jackals
  6 kobolds
  9 quokkas
  7 ball pythons
  7 bats
  12 frilled lizards
  8 rats
75 creatures vanquished.

Notes
Turn   | Place    | Note
-------+----------+-------------------------------------------
     0 | D:1      | Nithhogg the Hill Orc Fighter began the quest for the Orb.
     0 | D:1      | Reached XP level 1. HP: 19/19 MP: 1/1
   188 | D:1      | Reached XP level 2. HP: 14/27 MP: 2/2
   422 | D:1      | Found a faded altar of an unknown god.
   713 | D:1      | Reached XP level 3. HP: 28/33 MP: 3/3
  1245 | D:2      | Reached skill level 1 in Dodging
  1440 | D:2      | Reached XP level 4. HP: 33/40 MP: 4/4
  1735 | D:3      | Found a glowing drain.
  1741 | Sewer    | Entered a sewer
  2041 | Sewer    | HP: 2/40 [adder (1)]
  2042 | Sewer    | Succumbed to an adder's poison

Illustrated notes

Levels and vault maps discovered:
D:1:      dpeg_arrival_arbitrary_a, layout_rooms,
          dilly_ecumenical_altar_fadedgnrine
D:2:      minmay_general_purpose_star, layout_rooms
D:3:      layout_basic, okawaru_metal_pillars_3, gup_sewer_entry_bowl,
          grunt_ministairs_1, st_stairs_10, cheibrodos_gnoll_hut
Sewer:    sewer_frog_island_01

Skill      XL: |  1  2  3 |
---------------+----------+-----
Axes           | 3 4 |  4.6
Fighting       | 4 |  4.3
Dodging        | 1 |  1.3
Armour         | |  3.9
Shields        | |  3.2

Action                   |  1- 3 |  4- 6 || total
-------------------------+-------+-------++-------
Melee: War axe           |   111 |   130 ||   241
       Punch             |     1 |       ||     1
Armor: Scale mail        |    73 |    89 ||   162
Dodge: Dodged            |    78 |   103 ||   181

Table legend: (Time is in decaauts)
 A = Elapsed time spent in this place.
 B = Non-inter-level travel time spent in this place.
 C = Inter-level travel time spent in this place.
 D = Time resting spent in this place.
 E = Time spent auto-exploring this place.
 F = Levels seen in this place.
 G = Mean time per level.
                   A        B        C        D        E       F      G
               +--------+--------+--------+--------+--------+-----+--------+
         Total |   2141 |   2072 |     69 |      0 |   1532 |   4 |  535.2 |
       Dungeon |   1786 |   1717 |     69 |      0 |   1373 |   3 |  595.3 |
         Sewer |    354 |    354 |      0 |      0 |    159 |   1 |  354.0 |
               +--------+--------+--------+--------+--------+-----+--------+

Top non-repeatable levels by time:
     D:1: 940 daAuts
     D:2: 795 daAuts
   Sewer: 354 daAuts
     D:3: 50 daAuts
